 Dungeon Crawl Stone Soup version 0.31-a0-595-g4209ae197b (webtiles) character file.

Game seed: 3518547742646310109

1120 AdnanSaban the Cudgeller (level 8, -11/48 HPs)
             Began as a Gargoyle Fighter on Aug 20, 2023.
             Mangled by a yak (12 damage)
             ... on level 5 of the Dungeon.
             The game lasted 00:05:02 (4228 turns).

AdnanSaban the Cudgeller (Gargoyle Fighter)         Turns: 4228, Time: 00:05:03

Health: -11/48     AC: 20    Str: 21    XL:     8   Next: 34%
Magic:  8/8        EV:  8    Int: 10    God:
Gold:   265        SH:  4    Dex:  9    Spells: 7/7 levels left

rFire   . . .        a - +0 flail
rCold   . . .        c - +0 buckler
rNeg    + . .        r - +0 chain mail
rPois   ∞            l - +0 helmet
rElec   +            s - +2 cloak
rCorr   .            (no gloves)
SInv    .            (no boots)
Will    .....        (no amulet) Stlth
                     (no ring)
HPRegen 0.28/turn    (no ring)
MPRegen 0.11/turn

%: no passive effects
@: no status effects
A: sickness immunity, AC +5, negative energy resistance 1, electricity
resistance, torment resistance 1, petrification resistance
a: no special abilities


You were on level 5 of the Dungeon.
You visited 1 branch of the dungeon, and saw 6 of its levels.

You collected 265 gold pieces.

Inventory:

Hand Weapons
 a - a +0 flail (weapon)
Missiles
 e - 5 silver javelins
 f - 13 poisoned darts
 u - 4 boomerangs
Armour
 c - a +0 buckler (worn)
 l - a +0 helmet (worn)
 r - a +0 chain mail (worn)
 s - a +2 cloak (worn)
Wands
 p - a wand of flame (15)
Scrolls
 g - 2 scrolls of blinking {unknown}
 h - 2 scrolls of poison {unknown}
 i - 7 scrolls of identify {unknown}
 k - 2 scrolls of teleportation {unknown}
 n - 2 scrolls of fog {unknown}
 x - a scroll of noise {unknown}
 y - a scroll of immolation {unknown}
 z - a scroll of enchant weapon {unknown}
Potions
 b - a potion of brilliance {unknown}
 d - 2 potions of might
 j - 6 potions of curing {unknown}
 m - a potion of heal wounds {unknown}
 o - a potion of haste {unknown}
 q - 2 potions of ambrosia {unknown}
 t - a potion of degeneration {unknown}
 v - a potion of invisibility {unknown}
 w - a potion of enlightenment {unknown}


   Skills:
 + Level 4.5 Fighting
 + Level 6.4 Maces & Flails
 + Level 6.1 Armour
 + Level 1.6 Dodging
 + Level 1.3 Stealth
 + Level 5.3 Shields


You had 7 spell levels left.
You didn't know any spells.
Your spell library contained the following spells:

 Spells                   Type           Power      Damage    Failure   Level
 Portal Projectile        Hex/Tloc       0%         N/A       100%        3
 Tukima's Dance           Hex            0%         N/A       100%        3
 Vhi's Electric Charge    Tloc/Air       0%         N/A       100%        3
 Iskenderun's Mystic Bla  Conj/Tloc      0%         2d3       100%        4
 Arcjolt                  Conj/Air       0%         1d10      100%        5
 Maxwell's Capacitive Co  Air            0%         ∞         100%        8


Dungeon Overview and Level Annotations

Branches:
Dungeon (6/15)
 Temple: D:4-7

Altars:
Hepliaklqana
Kikubaaqudgha
Sif Muna
Vehumet
Xom

Annotations:
D:3 2 transporters, iasek's ghost, amateur MiFi


Innate Abilities, Weirdness & Mutations

You are immune to sickness and miasma.
Your stone body is resilient. (AC +5)
You are immune to poison.
You resist negative energy. (rN+)
You are resistant to electric shocks. (rElec)
You are resistant to unholy torment.
You are immune to petrification.


Message History

There is a stone staircase leading down here.
You block the yak's attack.
There is an open door here.
The yak attacks as it pursues you! The yak gores you but does no damage.
There is an open door here.
Things that are here:
a +0 dagger; an orc skeleton The yak gores you.
* * * LOW HITPOINT WARNING * * *
As you open the door, it creaks loudly! The yak gores you but does no damage.
There is an open door here.
The yak attacks as it pursues you! You block the yak's attack.
The yak attacks as it pursues you! The yak closely misses you.
The yak attacks as it pursues you! The yak gores you but does no damage.
The yak attacks as it pursues you! The yak gores you but does no damage.
The yak attacks as it pursues you! The yak closely misses you.
The yak attacks as it pursues you! The yak gores you but does no damage.
The yak attacks as it pursues you! The yak gores you.
* * * LOW HITPOINT WARNING * * *
You hit the yak.
The yak is lightly wounded.
The yak gores you but does no damage.
You barely miss the yak.
The yak is lightly wounded.
The yak gores you.
* * * LOW HITPOINT WARNING * * *
You hit the yak but do no damage.
The yak is lightly wounded.
The yak gores you but does no damage.
You sock the yak!
The yak is moderately wounded.
The yak gores you!
* * * LOW HITPOINT WARNING * * *
You closely miss the yak.
The yak is moderately wounded.
The yak gores you.
* * * LOW HITPOINT WARNING * * *
The yak gores you!
You die...

....##.....######.######
###.##.....#...........#
....# #...........#
.###########...........#
###....................#
...>........#####.######
#...........# #.#
#.#.........#####.#####
...............Y@.....#
............#####.###.#
#...........# #.#
............# #.#
#.##........# #.#
#.##........# #.# ..
..###.#### ..# #. ###


You could see a yak.

Vanquished Creatures
  Sigmund (D:3)
  2 water moccasins (D:6)
  A black bear (D:6)
  An ogre (D:6)
  A howler monkey (D:6)
  2 orc priests (D:5)
  Crazy Yiuf (D:3)
  Ijyb (D:3)
  2 iguanas (D:6)
  Natasha (twice) (D:3)
  5 orc wizards
  Robin (D:2)
  7 adders
  An ufetubus (D:5)
  2 worms
  3 dart slugs
  11 orcs
  6 ball pythons
  7 bats
  4 endoplasms
  3 giant cockroaches
  18 goblins
  9 hobgoblins
  4 jackals (D:2)
  4 kobolds
  2 quokkas (D:1)
  7 frilled lizards
  2 rats
110 creatures vanquished.

Notes
Turn   | Place    | Note
-------+----------+-------------------------------------------
     0 | D:1      | AdnanSaban the Gargoyle Fighter began the quest for the
                  | Orb.
     0 | D:1      | Reached XP level 1. HP: 14/14 MP: 1/1
    78 | D:1      | Reached XP level 2. HP: 19/19 MP: 2/2
   455 | D:1      | Reached XP level 3. HP: 23/23 MP: 3/3
   884 | D:2      | Noticed Robin
  1078 | D:2      | Killed Robin
  1079 | D:2      | Reached XP level 4. HP: 27/28 MP: 4/4
  1141 | D:2      | Found a shimmering altar of Xom.
  1371 | D:2      | You fall into a shaft and drop 1 floor!
  1385 | D:3      | Noticed Ijyb
  1404 | D:3      | Killed Ijyb
  1405 | D:3      | Reached XP level 5. HP: 24/32 MP: 5/5
  1478 | D:3      | Found a hazy altar of Hepliaklqana.
  2054 | D:3      | Noticed Sigmund
  2300 | D:3      | Noticed Natasha
  2308 | D:3      | Killed Natasha
  2323 | D:3      | Reached XP level 6. HP: 35/38 MP: 6/6
  2418 | D:3      | Found a transporter.
  2441 | D:3      | Killed Sigmund
  2472 | D:3      | Noticed iasek's ghost (amateur MiFi)
  2488 | D:3      | Found a transporter.
  2683 | D:3      | Found a runed translucent door.
  2684 | D:3      | Noticed Crazy Yiuf
  2692 | D:3      | Noticed Natasha
  2703 | D:3      | Killed Natasha
  2872 | D:3      | Killed Crazy Yiuf
  2873 | D:3      | Reached skill level 1 in Dodging
  2873 | D:3      | Reached skill level 1 in Stealth
  2873 | D:3      | Reached XP level 7. HP: 37/43 MP: 7/7
  3334 | D:4      | Found a shimmering altar of Xom.
  3554 | D:4      | Found a radiant altar of Vehumet.
  3563 | D:4      | Reached skill level 5 in Armour
  3570 | D:4      | Found an ancient bone altar of Kikubaaqudgha.
  3577 | D:4      | Reached skill level 5 in Maces & Flails
  3606 | D:4      | Found a shimmering blue altar of Sif Muna.
  3699 | D:5      | Entered Level 5 of the Dungeon
  3885 | D:5      | Noticed a yak
  3885 | D:5      | Noticed a yak
  3979 | D:6      | Reached skill level 5 in Shields
  3985 | D:6      | Reached XP level 8. HP: 19/48 MP: 8/8
  4227 | D:5      | HP: 1/48 [yak (8)]
  4228 | D:5      | Mangled by a yak

Illustrated notes

Levels and vault maps discovered:
D:1:      arrival_zaba_pyramid, layout_basic
D:2:      layout_basic, basic_altar, uniq_robin
D:3:      cheibrodos_helix_gallery, layout_basic,
          nicolae_hepliaklqana_hazy_memory, gammafunk_ghost_gnarly_gnolls,
          chequers_mini_garden, uniq_ijyb, uniq_sigmund, uniq_natasha,
          uniq_crazy_yiuf_cottage
D:4:      layout_loops_ring, palyth_temple_overflow_mages,
          mainiacjoe_overflow_alcove_4
D:5:      layout_basic, mainiacjoe_overflow_brackets, serial_shops,
          nicolae_shop_tiny_glass, minivault_23,
          hangedman_abyss_or_decor_lesser_grid
D:6:      layout_basic, chequers_hall_statues_y, nrook_loot_triangle,
          minmay_starry_boxes

Skill      XL: |  1  2  3  4  5  6  7  8 |
---------------+-------------------------+-----
Shields        | 4 5 |  5.3
Maces & Flails | 3 4 5 6 |  6.4
Armour         | 4 5 6 |  6.1
Fighting       | 4 |  4.5
Dodging        | 1 |  1.6
Stealth        | 1 |  1.3

Action                     |  1- 3 |  4- 6 |  7- 9 || total
---------------------------+-------+-------+-------++-------
  Melee: Flail             |   145 |   224 |   138 ||   507
         Unarmed           |       |       |    15 ||    15
 Armour: Scale mail        |    86 |    38 |       ||   124
         Chain mail        |       |   136 |   116 ||   252
         Skin              |       |       |     2 ||     2
  Dodge: Dodged            |    90 |   110 |    73 ||   273
  Block: Buckler           |    46 |    57 |    24 ||   127

Table legend: (Time is in decaauts)
 A = Elapsed time spent in this place.
 B = Non-inter-level travel time spent in this place.
 C = Inter-level travel time spent in this place.
 D = Time resting spent in this place.
 E = Time spent auto-exploring this place.
 F = Levels seen in this place.
 G = Mean time per level.
                   A        B        C        D        E       F      G
               +--------+--------+--------+--------+--------+-----+--------+
         Total |   4352 |   4191 |    161 |     95 |   2917 |   6 |  725.3 |
       Dungeon |   4352 |   4191 |    161 |     95 |   2917 |   6 |  725.3 |
               +--------+--------+--------+--------+--------+-----+--------+

Top non-repeatable levels by time:
     D:1: 1095 daAuts
     D:3: 1019 daAuts
     D:2: 920 daAuts
     D:4: 776 daAuts
     D:6: 273 daAuts
     D:5: 266 daAuts
